 Dungeon Crawl Stone Soup version 0.29.1-12-g30fa7ad0bf (webtiles) character file.

Game seed: 6704146916749116782

2417 RapScallion the Basher (level 9, 0/78 HPs)
             Began as a Hill Orc Fighter on Jan 12, 2023.
             Was a Follower of Uskayaw.
             Slain by a merfolk
             ... wielding a +0 glaive
             ... led by the fury of Okawaru
              (6 damage)
             ... on level 6 of the Dungeon.
             The game lasted 00:37:39 (5940 turns).

RapScallion the Basher (Hill Orc Fighter)           Turns: 5940, Time: 00:37:40

Health: 0/78       AC: 16    Str: 23    XL:     9   Next: 47%
Magic:  9/9        EV: 11    Int: 10    God:    Uskayaw [*.....]
Gold:   134        SH: 11    Dex: 14    Spells: 8/8 levels left

rFire   + . .      SeeInvis .   m - +5 flail of a treasure trove {elec, Int+2}
rCold   . . .      Faith    .   c - +0 buckler
rNeg    . . .      Spirit   .   A - +5 ring mail of Qoli {-Cast Fly rPois Dex+4}
rPois   +          Reflect  +   (no helmet)
rElec   .          Harm     +   z - scarf {harm}
rCorr   .          Rampage  .   K - +0 pair of gloves
Will    .....      NoCast   +   (no boots)
Stlth   +.........              r - amulet of reflection
HPRegen 0.23/turn               s - ring of protection from fire
MPRegen 0.11/turn               u - +4 ring of protection

@: flying
A: no striking features
a: Renounce Religion, Stomp


You were on level 6 of the Dungeon.
You worshipped Uskayaw.
Uskayaw was noncommittal.
You visited 2 branches of the dungeon, and saw 8 of its levels.

You collected 323 gold pieces.
You spent 189 gold pieces at shops.

Inventory:

Hand Weapons
 a - a +0 halberd of draining
 m - the +5 flail of a treasure trove (weapon) {elec, Int+2}
   (You found it on level 2 of the Dungeon)

   It occasionally discharges a powerful burst of electricity upon striking a
   foe.
   Int:       It affects your intelligence (+2).
 D - a +0 vampiric dagger
 J - a +4 mace
Missiles
 g - 25 poisoned darts
Armour
 c - a +0 buckler (worn)
 k - an orb of wrath
 p - +0 swamp dragon scales
 z - a scarf of harm (worn)
 A - the +5 ring mail of Qoli (worn) {-Cast Fly rPois Dex+4}
   (You bought it in a shop on level 4 of the Dungeon)

   Dex:       It affects your dexterity (+4).
   rPois:     It protects you from poison.
   Fly:       It grants you flight.
   -Cast:     It prevents spellcasting.
 K - a +0 pair of gloves (worn)
Magical Staves
 j - a staff of poison
Jewellery
 n - a ring of poison resistance
 r - an amulet of reflection (around neck)
 s - a ring of protection from fire (left hand)
 u - a +4 ring of protection (right hand)
 B - a ring of positive energy
Wands
 l - a wand of polymorph (6)
Scrolls
 b - a scroll of enchant armour {unknown}
 d - 2 scrolls of fear {unknown}
 e - 4 scrolls of teleportation
 f - a scroll of magic mapping {unknown}
 i - a scroll of brand weapon {unknown}
 o - 3 scrolls of enchant weapon {unknown}
 q - a scroll of fog {unknown}
 y - 2 scrolls of immolation
 C - 5 scrolls of blinking
Potions
 h - 4 potions of curing
 t - 2 potions of mutation
 v - 2 potions of attraction
 w - a potion of invisibility {unknown}
 x - 2 potions of heal wounds {unknown}
 F - 2 potions of magic
 G - 2 potions of might
 H - a potion of cancellation {unknown}
 I - a potion of lignification {unknown}


   Skills:
 + Level 6.4 Fighting
 + Level 3.3(7.3) Axes
 + Level 8.6(8.8) Maces & Flails
 + Level 6.5 Armour
 + Level 2.6 Dodging
 + Level 7.0 Shields


You had 8 spell levels left.
You didn't know any spells.
Your spell library contained the following spells:

 Spells                   Type           Power      Damage    Failure   Level
 Summon Small Mammal      Summ           0%         N/A       58%         1
 Call Canine Familiar     Summ           0%         N/A       91%         3
 Conjure Flame            Conj/Fire      0%         6-21      91%         3
 Ignite Poison            Fire/Tmut/Pois 0%         N/A       91%         3
 Ozocubu's Armour         Ice            0%         N/A       91%         3
 Portal Projectile        Hex/Tloc       0%         N/A       91%         3
 Summon Guardian Golem    Hex/Summ       0%         N/A       91%         3
 Tukima's Dance           Hex            0%         N/A       91%         3
 Leda's Liquefaction      Hex/Erth       0%         N/A       100%        4
 Sticky Flame             Conj/Fire      0%         2d3       100%        4
 Blade Hands              Tmut           0%         N/A       100%        5
 Irradiate                Conj/Tmut      0%         3d11      100%        5
 Dragon Form              Tmut           0%         N/A       100%        7
 Ozocubu's Refrigeration  Ice            0%         4d7       100%        7


Dungeon Overview and Level Annotations

Branches:
Dungeon (7/15)             Temple (1/1) D:6

Altars:
Ashenzari
Cheibriados
Dithmenos
Elyvilon
Fedhas
Gozag
Hepliaklqana
Kikubaaqudgha
Makhleb
Nemelex Xobeh
Okawaru
Qazlal
Ru
Sif Muna
Trog
Uskayaw
Vehumet
Wu Jian
Xom
Yredelemnul
Zin
The Shining One

Shops:
D:4 [   D:5 (   D:7 *


Message History

There is a stone staircase leading down here.
You fly downwards.
There is a stone staircase leading up here.
Okawaru sends forces against you! The divine experience confuses you!
You are confused.
A merfolk impaler, 2 merfolk, an orc warrior and 2 orcs come into view.
The merfolk impaler is wielding a +0 trident and wearing a +3 leather armour of cold resistance.
The merfolk shouts! x2; The orc shouts! x2
The merfolk impaler hits you from afar with a +0 trident!
The orc warrior closely misses you.
The merfolk throws a throwing net.
The throwing net hits you.
You become entangled in the net!
The throwing net disappears in a puff of smoke!
The orc warrior hits you from afar with a +0 glaive!
The merfolk impaler hits you from afar with a +0 trident.
The orc barely misses you.
The orc warrior hits you but does no damage.
The orc attacks as you move away! The orc hits you with a +0 mace.
The merfolk impaler hits you from afar with a +0 trident!
The merfolk impaler closely misses you. The orc hits you with a +0 mace.
* * * LOW HITPOINT WARNING * * *
The orc warrior completely misses you.
You completely miss the orc.
You feel less confused. The merfolk impaler barely misses you.
The orc hits you but does no damage.
The merfolk impaler hits you from afar with a +0 trident.
* * * LOW HITPOINT WARNING * * *
You block the orc's attack.
The merfolk throws a boomerang.
The boomerang hits you!
* * * LOW HITPOINT WARNING * * *
You block the orc warrior's attack.
Unknown command.
Unknown command.
There are monsters nearby!
You closely miss the orc.
The merfolk impaler hits you but does no damage.
The merfolk closely misses you. You block the orc's attack.
The merfolk hits you from afar with a +0 glaive.
You die...

#..## #.................# ##..##
####.....>..........##
###..####....................#
##..##................(....##
##.....##..................## ##
##...###...........[.......##
.#####..##
#....mmm...........#.# #.......#
#.....oo...........#.#
###.....##
##...@o...........#### ##......#
##.................##
##..##...###.#.................#
#..##.......##...............#.#
..###..#...###..............####
.###.####..# ##.............#
.##.####...## #.............#
....###.....###............##
...###..###...)#...........#


You could see a merfolk impaler, 2 merfolk, an orc warrior and 2 orcs.

Vanquished Creatures
  Maggie (D:7)
  Menkaure (D:5)
  2 water moccasins
  A sky beast (D:7)
  2 black bears
  2 centaurs (D:7)
  2 phantoms
  2 scorpions
  A necrophage (D:5)
  9 wights (D:7)
  A jelly (D:5)
  A gnoll bouda (D:5)
  4 hounds
  An orc priest (D:7)
  4 iguanas (D:5)
  4 orc wizards
  4 gnolls (D:5)
  5 adders
  A shadow imp (D:7)
  3 white imps
  2 ufetubi
  A dart slug (D:3)
  14 orcs
  7 ball pythons
  4 bats (D:3)
  8 endoplasms
  4 giant cockroaches
  3 goblins
  5 hobgoblins
  6 kobolds
  2 quokkas
  4 frilled lizards (D:3)
  3 rats (D:1)
114 creatures vanquished.

Notes
Turn   | Place    | Note
-------+----------+-------------------------------------------
     0 | D:1      | RapScallion the Hill Orc Fighter began the quest for the
                  | Orb.
     0 | D:1      | Reached XP level 1. HP: 19/19 MP: 1/1
   177 | D:1      | Reached XP level 2. HP: 27/27 MP: 2/2
   432 | D:1      | Found a faded altar of an unknown god.
   432 | D:1      | Noticed an eye of devastation
   435 | D:1      | Noticed a shining eye
   436 | D:1      | Noticed a shining eye
   436 | D:1      | Noticed an eye of devastation
  1142 | D:2      | Identified the +5 flail of a treasure trove {elec, Int+2}
  1214 | D:2      | Reached XP level 3. HP: 33/33 MP: 3/3
  1492 | D:3      | Found an iron altar of Okawaru.
  1499 | D:3      | Became a worshipper of Warmaster Okawaru
  1671 | D:3      | Reached XP level 4. HP: 40/40 MP: 4/4
  1785 | D:3      | Found a snail-covered altar of Cheibriados.
  1796 | D:3      | Found a shimmering blue altar of Sif Muna.
  1933 | D:4      | Reached skill level 1 in Maces & Flails
  2215 | D:4      | Noticed a scorpion
  2226 | D:4      | Killed a scorpion
  2227 | D:4      | Reached skill level 2 in Maces & Flails
  2227 | D:4      | Reached skill level 1 in Dodging
  2227 | D:4      | Reached XP level 5. HP: 46/46 MP: 5/5
  2307 | D:4      | Found Gyis Dad's Antique Armour Emporium.
  2606 | D:4      | Bought an ichor-stained ring mail for 189 gold pieces
  2606 | D:4      | Identified the +5 ring mail of Qoli {-Cast Fly rPois Dex+4}
                  | (You bought it in a shop on level 4 of the Dungeon)
  2629 | D:5      | Entered Level 5 of the Dungeon
  2687 | D:5      | Reached skill level 3 in Maces & Flails
  2687 | D:5      | Reached XP level 6. HP: 52/52 MP: 6/6
  2707 | D:5      | Noticed a black bear
  2717 | D:5      | Killed a black bear
  2717 | D:5      | Reached * piety under Okawaru
  3001 | D:5      | Reached skill level 4 in Maces & Flails
  3006 | D:5      | Reached XP level 7. HP: 60/60 MP: 7/7
  3036 | D:5      | Reached skill level 5 in Shields
  3201 | D:5      | Reached skill level 5 in Armour
  3240 | D:5      | Found Fazeecs's Weapon Boutique.
  3249 | D:5      | Reached ** piety under Okawaru
  3250 | D:5      | Reached skill level 5 in Maces & Flails
  3351 | D:5      | Noticed Menkaure
  3356 | D:5      | Killed Menkaure
  3357 | D:5      | Reached skill level 5 in Fighting
  3357 | D:5      | Reached XP level 8. HP: 68/68 MP: 8/8
  3649 | D:6      | Reached skill level 6 in Maces & Flails
  4118 | D:6      | Found a sacrificial altar of Ru.
  4120 | D:6      | Found a sacrificial altar of Ru.
  4120 | D:6      | Found a stormy altar of Qazlal.
  4122 | D:6      | Found a broken altar of Ashenzari.
  4122 | D:6      | Found a blossoming altar of Fedhas.
  4122 | D:6      | Found a shimmering altar of Xom.
  4602 | D:6      | Found a staircase to the Ecumenical Temple.
  4741 | Temple   | Entered the Ecumenical Temple
  4899 | Temple   | Fell from the grace of Okawaru
  4899 | Temple   | Became a worshipper of Uskayaw the Reveller
  4980 | D:7      | Reached * piety under Uskayaw
  4983 | D:7      | Reached ** piety under Uskayaw
  4985 | D:7      | Reached *** piety under Uskayaw
  4989 | D:7      | Reached **** piety under Uskayaw
  5161 | D:7      | Reached skill level 7 in Maces & Flails
  5243 | D:7      | Reached XP level 9. HP: 68/75 MP: 9/9
  5503 | D:7      | Noticed Maggie
  5513 | D:7      | Killed Maggie
  5514 | D:7      | Reached skill level 8 in Maces & Flails
  5635 | D:7      | Found Ofuetak's Assorted Antiques.
  5933 | D:6      | Noticed a merfolk impaler
  5933 | D:6      | Noticed a merfolk
  5933 | D:6      | Noticed a merfolk
  5940 | D:6      | Slain by a merfolk

Illustrated notes

Levels and vault maps discovered:
D:1:      spicycebolla_green_bress_n_ham, layout_loops_cross,
          hellmonk_ecumenical_altar_watching_god
D:2:      layout_rooms
D:3:      layout_rooms, mainiacjoe_overflow_big_doors,
          mainiacjoe_overflow_24_doors
D:4:      layout_cave_pools, serial_shops, shop
D:5:      layout_gridville, palyth_stone_intersect, kennysheep_windowed_goal,
          uniq_menkaure
D:6:      layout_layer_cave, doesnt_xom_only_xom, temple_green
D:7:      layout_basic, serial_shops, shop, uniq_maggie
Temple:   eino_narrow_crystal_temple

Skill      XL: |  1  2  3  4  5  6  7  8  9 |
---------------+----------------------------+-----
Axes           | 3 |  3.3
Fighting       | 4 5 6 |  6.4
Armour         | 4 5 6 |  6.5
Maces & Flails | 2 3 4 5 7 8 |  8.6
Shields        | 4 5 6 7 |  7.0
Dodging        | 1 2 |  2.6

Action                   |  1- 3 |  4- 6 |  7- 9 || total
-------------------------+-------+-------+-------++-------
Melee: War axe           |    41 |       |       ||    41
       Flail             |    40 |    77 |   129 ||   246
Invok: Stomp             |       |       |     1 ||     1
  Use: Scroll            |     1 |       |     6 ||     7
       Potion            |       |       |     2 ||     2
 Stab: Paralysed         |       |       |     1 ||     1
Armor: Scale mail        |    33 |    14 |       ||    47
       Ring mail         |       |    23 |    47 ||    70
Dodge: Dodged            |    35 |    37 |    47 ||   119
Block: Buckler           |    29 |    60 |    67 ||   156
       Reflection        |     3 |     1 |     6 ||    10
